Map: Heavy Artillery LE

Players

Massa - Winner!

  • Race: Terran Terran
  • League: Gold
  • Spawn Location: 3:00

qqq - Winner!

  • Race: Protoss Protoss
  • Spawn Location: 1:00

Maraxus

  • Race: Protoss Protoss
  • Spawn Location: 7:00

RogueAgent

  • Race: Terran Terran
  • Spawn Location: 7:00

VOD

Have the link to the VOD?

Description

Time

  • Played on: July 18, 2020, 9:56 a.m.
  • Length: 12:58
Show
View Real Time Build Order
Export as new Build Order

Massa Terran - Winner!

Build Orders: Reaper Expand 

Get SALT Encoding   

  12  0:02  SCV  
  13  0:18  SCV  
  13  0:19  Supply Depot  
  14  0:30  SCV  
  15  0:45  Barracks  
  15  0:49  SCV  
  16  1:01  Refinery, SCV  
  17  1:24  SCV  
  18  1:36  SCV  
  19  1:49  Barracks  
  19  1:50  Barracks Tech Lab  
  18  2:06  Orbital Command  
  18  2:14  Reaper  
  19  2:18  Command Center  
  19  2:32  SCV  
  20  2:38  Barracks Tech Lab  
  20  2:40  Concussive Shells  
  20  2:44  SCV  
  20  2:48  Refinery  
  20  2:50  Marauder  
  23  3:06  Supply Depot  
  23  3:08  SCV  
  23  3:27  SCV  
  23  3:28  Marauder x2  
  23  3:30  SCV, Supply Depot  
  29  3:40  SCV  
  30  3:42  SCV  
  31  3:49  Marauder x2  
  31  3:52  SCV  
  36  3:56  Orbital Command  
  36  4:04  SCV  
  37  4:10  Marauder x2  
  37  4:16  SCV  
  42  4:20  Supply Depot  
  42  4:21  SCV  
  43  4:28  SCV, Engineering Bay  
  44  4:33  Factory  
  44  4:34  SCV  
  45  4:40  SCV  
  45  4:41  Bunker  
  41  4:58  Marine x2  
  43  5:04  Stimpack  
  43  5:16  Marine x2  
  43  5:17  SCV x2  
  47  5:24  Factory Tech Lab  
  47  5:29  SCV x2  
  47  5:30  Command Center  
  49  5:41  SCV  
  43  6:14  Marauder x2  
  43  6:16  Siege Tank  
  50  6:23  Missile Turret  
  50  6:27  Starport  
  50  6:30  SCV  
  50  6:31  SCV  
  52  6:35  Marauder x2  
  56  6:42  SCV  
  56  6:43  SCV  
  56  6:44  Supply Depot  
  56  6:45  Missile Turret  
  58  6:48  Siege Tank  
  58  6:49  Terran Infantry Armor Level 1  
  58  6:54  Missile Turret  
  61  6:55  SCV  
  61  6:57  Marauder x2  
  66  7:06  Barracks  
  66  7:07  Supply Depot  
  66  7:10  Refinery  
  66  7:15  Medivac  
  68  7:18  Marauder  
  68  7:21  Refinery, SCV x2  
  72  7:25  Orbital Command  
  72  7:30  Supply Depot  
  72  7:33  SCV, Marauder  
  72  7:34  SCV  
  76  7:40  Marauder  
  78  7:45  SCV  
  78  7:46  SCV  
  78  7:53  Supply Depot  
  78  7:54  Marauder  
  78  7:58  SCV x2  
  81  8:10  SCV x2  
  75  8:33  Marauder x2  
  79  8:34  Barracks Tech Lab  
  67  8:54  Marauder  
  67  8:55  Marauder  
  59  9:05  Cyclone  
  59  9:07  Marauder  
  64  9:13  Missile Turret  
  64  9:14  Missile Turret  
  64  9:16  Marauder x2  
  68  9:18  Missile Turret  
  68  9:23  Missile Turret  
  68  9:26  Missile Turret  
  68  9:28  Marauder  
  70  9:36  Missile Turret  
  70  9:37  Marauder, Missile Turret  
  70  9:38  Cyclone, Marauder  
  77  9:39  Missile Turret  
  77  9:40  Command Center  
  77  9:44  Combat Shield  
  77  9:45  Missile Turret  
  77  9:46  Starport  
  77  9:50  Marauder  
  77  9:52  Viking  
  81  9:58  Missile Turret  
  81  9:59  Marauder x2  
  85  10:06  SCV x2  
  85  10:07  SCV, Missile Turret  
  88  10:10  Cyclone  
  88  10:11  Marauder, Missile Turret  
  93  10:18  SCV x2  
  93  10:19  SCV  
  93  10:20  Marauder x2  
  100  10:30  SCV  
  100  10:31  SCV x2, Barracks  
  100  10:32  Missile Turret  
  100  10:33  Refinery, Marauder  
  105  10:36  Refinery  
  105  10:41  Marauder  
  105  10:42  Marauder  
  109  10:51  SCV x3, Siege Tank  
  109  10:52  Supply Depot  
  109  10:53  Supply Depot  
  109  10:54  Marauder  
  109  10:56  Supply Depot x2  
  117  11:03  Marauder  
  121  11:11  Marauder, Missile Turret  
  121  11:14  Missile Turret x2  
  121  11:15  Marauder, Supply Depot  
  121  11:17  Missile Turret  
  123  11:18  Missile Turret  
  123  11:19  Supply Depot  
  123  11:22  Supply Depot  
  123  11:24  Marauder  
  125  11:30  Orbital Command  
  127  11:33  Marauder  
  127  11:37  Marauder  
  129  11:41  Supply Depot  
  129  11:43  Supply Depot  
  129  11:45  Marauder  
  129  11:46  Command Center  
  131  11:51  Missile Turret  
  133  11:54  Armory, Marauder  
  133  11:55  Engineering Bay  
  133  11:58  Marauder  
  135  12:02  Barracks Tech Lab  
  135  12:07  Marauder  
  137  12:11  Missile Turret  
  137  12:13  Siege Tank  
  142  12:15  Marauder  
  142  12:20  Marauder  
  144  12:28  Marauder  
  143  12:31  Missile Turret  
  145  12:37  Marauder  
  142  12:51  Missile Turret  
Show
View Real Time Build Order
Export as new Build Order

qqq Protoss - Winner!

Build Orders: Phoenix Opening, Mass Phoenix 

Get SALT Encoding   

  12  0:09  Probe  
  13  0:21  Pylon  
  13  0:27  Probe  
  14  0:31  Pylon  
  14  0:39  Probe  
  15  0:53  Gateway  
  15  1:06  Probe  
  15  1:09  Pylon  
  16  1:18  Probe  
  17  1:30  Probe  
  18  1:40  Assimilator  
  18  1:46  Probe  
  19  1:53  Nexus  
  19  1:59  Probe  
  19  2:04  Cybernetics Core  
  19  2:07  Assimilator  
  19  2:11  Probe  
  20  2:23  Probe  
  21  2:35  Probe  
  22  2:47  Probe  
  23  3:00  Stargate, Nexus  
  23  3:08  Probe  
  24  3:20  Probe, Stargate  
  25  3:31  Probe  
  25  3:33  Probe  
  27  3:43  Probe  
  27  3:45  Probe  
  27  3:46  Phoenix  
  31  3:56  Probe  
  31  3:57  Probe  
  33  4:06  Assimilator  
  33  4:07  Phoenix  
  33  4:08  Probe  
  33  4:09  Probe  
  37  4:14  Phoenix  
  39  4:21  Probe  
  40  4:25  Probe  
  40  4:29  Assimilator  
  41  4:33  Probe  
  41  4:34  Probe  
  41  4:37  Probe  
  44  4:44  Phoenix  
  44  4:45  Probe  
  47  4:46  Probe  
  47  4:49  Probe, Phoenix  
  51  4:57  Probe  
  52  5:01  Probe  
  53  5:09  Probe  
  53  5:11  Protoss Air Weapons Level 1  
  53  5:13  Probe  
  55  5:17  Phoenix  
  55  5:20  Phoenix  
  59  5:21  Probe  
  59  5:25  Probe  
  59  5:26  Assimilator  
  61  5:30  Assimilator  
  61  5:34  Probe  
  62  5:37  Probe  
  62  5:42  Phoenix  
  65  5:46  Probe  
  66  5:58  Probe  
  67  6:16  Phoenix  
  69  6:19  Robotics Facility  
  69  6:32  Pylon  
  69  6:34  Pylon  
  69  6:37  Pylon  
  69  6:41  Pylon  
  69  6:42  Fleet Beacon  
  69  6:43  Stargate  
  69  6:45  Pylon  
  69  6:46  Pylon  
  69  6:48  Pylon  
  69  6:50  Probe, Phoenix x2  
  74  7:02  Probe  
  75  7:09  Observer  
  75  7:14  Probe  
  75  7:15  Phoenix x2  
  81  7:19  Protoss Air Armor Level 1  
  81  7:24  Pylon  
  81  7:26  Probe  
  82  7:31  Stargate  
  82  7:38  Probe  
  82  7:39  Phoenix x2, Nexus  
  87  7:44  Anion Pulse-Crystals  
  87  7:50  Probe  
  88  7:59  Tempest  
  88  8:02  Probe  
  94  8:10  Tempest  
  99  8:14  Probe  
  99  8:17  Tempest  
  105  8:26  Probe  
  104  8:39  Probe  
  101  8:45  Tempest  
  102  8:51  Pylon  
  102  8:53  Tempest  
  102  8:54  Pylon  
  107  8:57  Pylon  
  107  9:03  Forge  
  107  9:05  Tempest  
  112  9:10  Probe  
  112  9:12  Pylon  
  112  9:14  Pylon  
  112  9:16  Probe, Nexus  
  114  9:21  Protoss Air Weapons Level 2  
  114  9:22  Probe  
  115  9:27  Tempest  
  115  9:28  Probe  
  121  9:34  Tempest  
  121  9:35  Tempest  
  131  9:38  Photon Cannon  
  131  9:40  Probe, Photon Cannon  
  131  9:43  Photon Cannon  
  132  9:47  Tempest, Photon Cannon x2  
  132  9:52  Probe, Photon Cannon  
  138  9:54  Photon Cannon, Pylon  
  138  9:55  Photon Cannon  
  138  9:56  Pylon  
  138  9:59  Photon Cannon  
  138  10:03  Photon Cannon  
  138  10:04  Probe  
  139  10:11  Tempest  
  144  10:16  Probe, Tempest  
  144  10:19  Tempest  
  155  10:28  Probe  
  155  10:30  Void Ray  
  155  10:31  Probe  
  161  10:40  Probe  
  161  10:42  Assimilator  
  162  10:43  Probe  
  162  10:45  Mothership  
  162  10:48  Assimilator  
  171  10:52  Probe  
  171  10:54  Tempest  
  171  10:55  Probe  
  178  11:04  Photon Cannon  
  178  11:05  Probe  
  178  11:06  Photon Cannon  
  178  11:07  Tempest, Probe  
  178  11:10  Assimilator  
  185  11:14  Assimilator  
  185  11:16  Tempest  
  185  11:17  Probe  
  191  11:19  Probe  
  191  11:21  Tempest  
  197  11:29  Probe  
  197  11:31  Probe  
  199  11:38  Photon Cannon  
  199  11:41  Probe  
Show
View Real Time Build Order
Export as new Build Order

Maraxus Protoss 

Build Orders:  

Get SALT Encoding   

  12  0:01  Probe  
  13  0:15  Probe, Pylon  
  14  0:23  Probe  
  15  0:40  Gateway  
  15  0:44  Probe  
  16  0:55  Probe  
  16  0:56  Pylon  
  17  1:03  Assimilator  
  17  1:04  Probe  
  18  1:12  Probe  
  19  1:20  Forge  
  19  1:23  Probe  
  20  1:27  Zealot  
  22  1:35  Probe  
  22  1:36  Assimilator  
  23  1:44  Cybernetics Core  
  23  1:47  Probe  
  24  1:54  Gateway  
  24  2:10  Probe  
  25  2:15  Stalker  
  25  2:20  Nexus  
  27  2:32  Probe  
  28  2:42  Warp Gate  
  28  2:44  Probe  
  29  2:56  Probe  
  29  2:58  Pylon  
  30  3:08  Probe  
  31  3:16  Stalker  
  31  3:17  Gateway  
  33  3:20  Shield Battery  
  33  3:23  Photon Cannon  
  33  3:28  Probe x2  
  35  3:36  Probe, Stalker  
  35  3:40  Probe  
  39  3:45  Probe  
  39  3:52  Probe  
  39  3:53  Probe  
  39  3:54  Protoss Ground Weapons Level 1  
  41  4:01  Probe  
  42  4:04  Probe  
  42  4:05  Shield Battery  
  42  4:06  Stalker  
  46  4:13  Pylon  
  46  4:14  Probe  
  46  4:16  Probe  
  48  4:26  Probe  
  49  4:32  Robotics Facility  
  49  4:33  Twilight Council  
  50  4:38  Probe  
  50  5:03  Stalker  
  50  5:04  Stalker x2  
  56  5:15  Pylon  
  56  5:20  Pylon  
  56  5:25  Pylon  
  56  5:27  Pylon  
  56  5:33  Probe  
  57  5:42  Photon Cannon  
  57  5:44  Stalker x3  
  57  5:45  Probe  
  57  5:47  Photon Cannon  
  64  5:53  Protoss Shields Level 1  
  60  5:57  Probe  
  60  6:04  Pylon  
  61  6:05  Pylon  
  61  6:10  Stalker x3  
  65  6:14  Probe  
  66  6:20  Assimilator  
  66  6:24  Blink  
  66  6:25  Assimilator  
  66  6:26  Probe, Shield Battery  
  67  6:32  Photon Cannon  
  67  6:34  Photon Cannon  
  67  6:37  Photon Cannon  
  67  6:39  Probe  
  68  6:45  Observer  
  69  6:51  Probe  
  70  7:03  Probe  
  70  7:05  Gateway  
  70  7:06  Gateway  
  71  7:15  Templar Archives  
  71  7:23  Probe  
  71  7:27  Probe  
  73  7:35  Probe  
  72  7:39  Probe  
  73  7:47  Probe  
  73  7:48  Observer  
  76  7:51  Probe  
  76  7:55  Stalker  
  76  7:56  Stalker x2  
  78  8:09  Observer  
  63  8:19  Stalker  
  59  8:20  Stalker x2  
  59  8:21  Stalker x2  
  59  8:23  Stalker  
  59  8:24  Stalker x3  
  54  8:58  Nexus  
  54  9:00  Psionic Storm  
  52  9:12  Protoss Ground Weapons Level 2  
  52  9:24  Charge  
  52  9:25  Zealot x2  
  52  9:26  Photon Cannon, Zealot x2  
  52  9:27  Photon Cannon  
  60  9:34  Photon Cannon  
  60  9:47  Observer  
  60  9:51  High Templar  
  63  10:06  Probe  
  64  10:08  Observer  
  65  10:15  Probe  
  65  10:17  High Templar  
  65  10:18  Probe  
  69  10:22  Probe, Photon Cannon  
  69  10:26  Pylon  
  69  10:27  Probe  
  71  10:30  Observer, Probe, High Templar, Pylon  
  71  10:32  Probe  
  76  10:39  Probe  
  76  10:40  Probe  
  76  10:42  Probe  
  78  10:48  Probe  
  79  10:52  Pylon  
  79  10:54  Probe, Photon Cannon  
  81  10:58  Photon Cannon  
  81  10:59  Photon Cannon  
  81  11:00  Probe  
  81  11:02  High Templar, Pylon  
  81  11:03  High Templar x2  
  88  11:12  Probe  
  88  11:17  Gateway  
  89  11:24  Probe, Assimilator  
  90  11:26  Immortal  
  90  11:27  Assimilator  
  90  11:29  Zealot x2  
  98  11:36  Probe  
  92  11:48  Probe  
  93  12:00  Probe  
  94  12:05  Warp Prism  
  92  12:08  Stalker x3  
  92  12:09  Stalker x2  
  102  12:35  Stalker x5  
Show
View Real Time Build Order
Export as new Build Order

RogueAgent Terran 

Build Orders: Command Center First (CC), Banshee Rush 

Get SALT Encoding   

  12  0:00  SCV  
  13  0:13  SCV  
  14  0:18  Supply Depot  
  14  0:25  SCV  
  15  0:39  SCV  
  16  0:51  SCV  
  17  1:00  Command Center  
  17  1:03  SCV  
  18  1:09  Refinery  
  18  1:16  SCV  
  19  1:23  Barracks  
  19  1:29  SCV  
  20  1:42  SCV  
  20  1:44  Refinery  
  21  1:54  SCV  
  23  2:12  Orbital Command  
  23  2:13  Orbital Command  
  22  2:17  Marine  
  22  2:18  Factory  
  23  2:37  Marine  
  23  2:39  SCV x2  
  27  2:51  SCV x2  
  27  2:55  Marine  
  29  3:03  Starport  
  29  3:04  Factory Tech Lab  
  29  3:07  Starport  
  29  3:10  SCV  
  29  3:11  SCV  
  31  3:13  Refinery  
  31  3:15  Refinery, Barracks Tech Lab  
  31  3:22  Supply Depot  
  31  3:23  SCV x2  
  33  3:35  SCV x2  
  35  3:47  Banshee  
  35  3:48  Cloaking Field  
  38  3:50  SCV x2  
  38  3:51  Banshee  
  43  4:00  Supply Depot  
  43  4:01  Hyperflight Rotors  
  43  4:02  SCV x2  
  45  4:07  Supply Depot  
  45  4:10  Supply Depot  
  45  4:14  SCV  
  46  4:21  SCV  
  46  4:23  Supply Depot  
  47  4:24  Engineering Bay  
  47  4:29  SCV  
  48  4:32  Banshee  
  48  4:33  SCV  
  48  4:36  Banshee  
  55  5:02  SCV x2  
  54  5:11  Missile Turret  
  51  5:15  Missile Turret  
  54  5:24  Fusion Core  
  54  5:29  Missile Turret  
  54  5:30  SCV x2  
  54  5:31  Missile Turret  
  53  5:42  SCV  
  54  5:50  SCV  
  54  5:52  Command Center  
  54  5:54  SCV  
  55  6:06  SCV x2  
  57  6:13  Battlecruiser x2  
  57  6:16  Weapon Refit  
  69  6:20  Armory  
  69  6:22  Armory  
  69  6:27  Starport, SCV  
  69  6:28  SCV  
  71  6:50  Refinery x2  
  71  6:57  Missile Turret  
  71  6:59  Missile Turret x2  
  71  7:01  Supply Depot  
  71  7:03  Missile Turret, Supply Depot  
  71  7:04  Starport Tech Lab  
  71  7:10  Terran Vehicle And Ship Armor Level 1, Terran Ship Weapons Level 1  
  71  7:21  Battlecruiser  
  77  7:23  Battlecruiser  
  77  7:27  Orbital Command  
  83  7:57  SCV x3  
  80  7:59  Battlecruiser  
  66  8:41  Battlecruiser x2  
  66  8:44  SCV x3  
  66  8:47  Missile Turret  
  81  9:00  SCV x2  
  81  9:01  SCV  
  84  9:05  Missile Turret  
  84  9:06  Battlecruiser  
  84  9:07  Terran Vehicle And Ship Armor Level 2, Terran Ship Weapons Level 2  
  90  9:18  Supply Depot  
  90  9:19  Supply Depot  
  90  9:20  Supply Depot x2  
  90  9:21  SCV x2  
  90  9:23  Supply Depot  
  92  9:24  Supply Depot  
  92  9:25  Missile Turret x2  
  92  9:32  SCV  
  92  9:33  SCV x2  
  92  9:38  Missile Turret  
  95  9:39  Missile Turret  
  95  9:42  Missile Turret  
  95  9:44  Missile Turret  
  95  9:45  Missile Turret  
  95  9:46  Battlecruiser  
  95  9:48  Battlecruiser  
  107  9:58  Command Center  
  107  10:05  SCV x3  
  110  10:11  Battlecruiser  
  116  10:16  Hi-Sec Auto Tracking  
  116  10:49  Refinery  
  116  10:50  Battlecruiser  
  116  10:52  Battlecruiser  
  116  10:53  Refinery  
  128  11:00  Command Center  
  128  11:08  Missile Turret x2  
  128  11:09  Missile Turret  
  128  11:23  Battlecruiser  
  134  11:30  Starport  
  134  11:31  Barracks Reactor  
  134  11:32  Barracks Tech Lab  
  134  11:33  Starport  
  134  11:44  Missile Turret  
  128  12:10  Refinery  
  128  12:12  Starport Tech Lab  
Tags
 
Add a new tag
Caveats
  • Supply blocks, unpowered buildings, or Contaminate may cause inaccurate times.
  • Supply counts are checked every 10 seconds.